 Dungeon Crawl Stone Soup version 0.29.1-13-g9f3cf754e1 (webtiles) character file.

Game seed: 15199749850184100194

187 shadowmeld the Magician (level 5, -2/37 HPs)
             Began as a Djinni Hedge Wizard on Feb 8, 2023.
             Slain by Menkaure (18 damage)
             ... on level 4 of the Dungeon.
             The game lasted 00:14:19 (4021 turns).

shadowmeld the Magician (Djinni Hedge Wizard)       Turns: 4021, Time: 00:14:20

Health: -2/37      AC:  5    Str:  9    XL:     5   Next: 99%
Gold:   150        EV: 12    Int: 17    God:
                   SH:  0    Dex: 13

rFire   + + +      SeeInvis .   b - +8 war axe of the Messenger {vorpal, rF+}
rCold   x . .      Faith    .   (no shield)
rNeg    . . .      Spirit   .   a - +2 leather armour {rF+}
rPois   ∞          Reflect  .   c - +0 hat
rElec   .          Harm     .   (no cloak)
rCorr   .          Rampage  .   (no gloves)
Will    .....                   (boots unavailable)
Stlth   ++........              (no amulet)
HPRegen 0.12/turn               r - ring of wizardry
MPRegen 0.00/turn               (no ring)

@: flying
A: sickness immunity, fire resistance 2, cold vulnerability 1, float, innate
caster, HP casting, extra vitality 1
a: no special abilities


You were on level 4 of the Dungeon.
You visited 1 branch of the dungeon, and saw 4 of its levels.

You collected 150 gold pieces.

Inventory:

Hand Weapons
 b - the +8 war axe of the Messenger (weapon) {vorpal, rF+}
   (You found it on level 4 of the Dungeon)

   It inflicts extra damage upon your enemies.
   rF:        It protects you from fire.
 j - a +2 great sword of holy wrath
Missiles
 q - 4 poisoned darts
Armour
 a - a +2 leather armour of fire resistance (worn)
 c - a +0 hat (worn)
Jewellery
 r - a ring of wizardry (left hand)
 s - a ring of fire
Scrolls
 d - a scroll of summoning
 e - a scroll of immolation
 g - a scroll of poison
 k - 2 scrolls of blinking {unknown}
 l - a scroll of teleportation {unknown}
 m - a scroll of magic mapping {unknown}
Potions
 f - 2 potions of ambrosia {unknown}
 h - a potion of cancellation {unknown}
 i - a potion of lignification {unknown}
 n - a potion of mutation {unknown}
 o - a potion of flight {unknown}
 p - a potion of attraction {unknown}


   Skills:
 * Level 1.5 Fighting
 + Level 0.2 Armour
 * Level 3.0 Dodging
 - Level 1.5 Stealth
 * Level 4.2 Spellcasting


You couldn't memorise any spells.
You knew the following spells:

 Your Spells              Type           Power      Damage    Failure   Level
a - Magic Dart            Conj           72%        1d6       1%          1
b - Blink                 Tloc           36%        N/A       2%          2
c - Call Imp              Summ           18%        N/A       2%          2
d - Slow                  Hex            72%        N/A       1%          1
e - Conjure Flame         Conj/Fire      18%        6-21      4%          3
f - Mephitic Cloud        Conj/Pois/Air  18%        N/A       4%          3
g - Beastly Appendage     Tmut           36%        N/A       1%          1
h - Wereblood             Tmut           18%        N/A       2%          2
Your spell library was empty.

Dungeon Overview and Level Annotations

Branches:
Dungeon (4/15)
 Temple: D:4-7

Altars:

Annotations:
D:4 Menkaure


Innate Abilities, Weirdness & Mutations

You are immune to sickness and miasma.
You are immune to poison.
Your flesh is very heat resistant. (rF++)
You are vulnerable to cold. (rC-)
You float through the air rather than walking.
You learn spells naturally, not from books.
Your magical power is your life essence.
You have superior vitality. (+4 MHP)


Message History

The orc priest invokes the aid of Beogh against you.
Beogh smites you!
Aiming: Magic Dart (safe; 1% risk of failure)
Press: ? - help, Q - select action, (/) - cycle Shift-Dir - straight line, f/p - orc priest
Aim: an orc priest, wielding a +0 whip (heavily wounded, 100% to hit)
The magic dart hits the orc priest.
The orc priest is severely wounded.
Menkaure, Prince of Dust comes into view.
Aiming: Magic Dart (safe; 1% risk of failure)
Press: ? - help, Q - select action, (/) - cycle Shift-Dir - straight line, f/p - orc priest
Aim: an orc priest, wielding a +0 whip (severely wounded, 100% to hit)
The magic dart hits the orc priest.
You kill the orc priest!
Your Dodging skill increases to level 3!
Aiming: Magic Dart (safe; 1% risk of failure)
Press: ? - help, Q - select action, (/) - cycle Shift-Dir - straight line, f - Menkaure
Aim: Menkaure (100% to hit)
The magic dart hits Menkaure but does no damage.
Aiming: Magic Dart (safe; 1% risk of failure)
Press: ? - help, Q - select action, (/) - cycle Shift-Dir - straight line, f - orc, p - Menkaure
Aim: an orc, wielding a +0 short sword and wearing a +0 scale mail (100% to hit)
The magic dart hits the orc but does no damage.
Aiming: Magic Dart (safe; 1% risk of failure)
Press: ? - help, Q - select action, (/) - cycle Shift-Dir - straight line, f/p - orc
Aim: an orc, wielding a +0 short sword and wearing a +0 scale mail (100% to hit)
The magic dart hits the orc but does no damage.
Aiming: Magic Dart (safe; 1% risk of failure)
Press: ? - help, Q - select action, (/) - cycle Shift-Dir - straight line, f - Menkaure
Aim: Menkaure (100% to hit)
The magic dart hits Menkaure.
Menkaure is lightly damaged.
Menkaure gestures wildly while chanting.
Menkaure seems to speed up.
You closely miss the orc. The orc misses you.
The orc hits you with a +0 short sword.
You barely miss the orc. The orc closely misses you.
You slash the orc!
You kill the orc!
Menkaure hits you!!
You die...

#.# #.# #.# #.#
#.# #.# ### #.#
.....##.#
.......@#
....##..M......
.. ##.....)..
#........
.........
##....### ##...
...#


You could see Menkaure (fast).

Vanquished Creatures
  An orc priest (D:4)
  Terence (D:3)
  5 adders (D:2)
  A worm (D:2)
  4 dart slugs
  8 orcs
  3 ball pythons
  3 endoplasms
  3 giant cockroaches
  8 goblins
  7 hobgoblins
  4 quokkas
  4 bats
  7 frilled lizards
  8 kobolds
  7 rats
74 creatures vanquished.

Notes
Turn   | Place    | Note
-------+----------+-------------------------------------------
     0 | D:1      | shadowmeld the Djinni Hedge Wizard began the quest for the
                  | Orb.
     0 | D:1      | shadowmeld set off with the following spells memorised:
                  | Magic Dart, Blink, Call Imp, Slow, Conjure Flame, Mephitic
                  | Cloud.
     0 | D:1      | Reached XP level 1. HP: 15/15 MP: 0/0
   305 | D:1      | Reached XP level 2. HP: 17/21 MP: 0/0
   843 | D:1      | Reached skill level 3 in Spellcasting
   858 | D:1      | Reached XP level 3. HP: 14/26 MP: 0/0
   858 | D:1      | Learned a level 1 spell: Beastly Appendage
  1709 | D:2      | Reached skill level 1 in Fighting
  1709 | D:2      | Reached XP level 4. HP: 12/32 MP: 0/0
  2573 | D:2      | Found a faded altar of an unknown god.
  2756 | D:2      | Reached XP level 5. HP: 34/37 MP: 0/0
  2756 | D:2      | Learned a level 2 spell: Wereblood
  3032 | D:3      | Noticed Terence
  3074 | D:3      | Killed Terence
  3075 | D:3      | Reached skill level 4 in Spellcasting
  3824 | D:4      | Identified the +8 war axe of the Messenger {vorpal, rF+}
  4013 | D:4      | Noticed Menkaure
  4021 | D:4      | Slain by Menkaure

Illustrated notes

Levels and vault maps discovered:
D:1:      minmay_arrival_stone_box, layout_basic, serial_glass, glass_columns_b,
          glass_columns_a
D:2:      layout_basic, ebering_ecumenical_altar_ruins
D:3:      layout_basic, minmay_crystal_room, uniq_terence
D:4:      layout_basic, chequers_temple_overflow_statue_of_worship,
          uniq_menkaure

Skill      XL: |  1  2  3  4  5 |
---------------+----------------+-----
Spellcasting   | 3 4 |  4.2
Fighting       | 1 |  1.5
Dodging        | 3 |  3.0
Armour         | |  0.2
Stealth        | |  1.5

Action                   |  1- 3 |  4- 6 || total
-------------------------+-------+-------++-------
Melee: War axe           |       |     9 ||     9
       Great sword       |       |     4 ||     4
 Cast: Magic Dart        |    84 |   129 ||   213
       Mephitic Cloud    |       |     2 ||     2
       Slow              |       |     1 ||     1
       Wereblood         |       |     1 ||     1
  Use: Scroll            |       |     3 ||     3
       Potion            |       |     2 ||     2
Armor: Robe              |     2 |       ||     2
       Leather armour    |       |     3 ||     3
Dodge: Dodged            |    13 |    26 ||    39
